 Dungeon Crawl Stone Soup version 0.30.0-15-g856e2d3f33 (webtiles) character file.

Game seed: 18244803948142071647

163 qw the Chopper (level 5, -1/32 HPs)
             Began as a Gargoyle Fighter on May 20, 2023.
             Slain by a gnoll
             ... wielding a +0 halberd
              (4 damage)
             ... on level 4 of the Dungeon.
             The game lasted 00:00:55 (1638 turns).

qw the Chopper (Gargoyle Fighter)                   Turns: 1638, Time: 00:00:55

Health: -1/32      AC: 10    Str: 22    XL:     5   Next: 44%
Magic:  5/5        EV:  9    Int:  8    God:
Gold:   158        SH:  4    Dex:  9    Spells: 4/4 levels left

rFire   . . .        Y - +0 war axe
rCold   . . .        c - +0 buckler
rNeg    + . .        b - +0 scale mail
rPois   inf          (no helmet)
rElec   +            (no cloak)
rCorr   .            (no gloves)
SInv    .            (no boots)
Will    .....        (no amulet) Stlth
                     (no ring)
HPRegen 1.05/turn    (no ring)
MPRegen 0.09/turn

%: no passive effects
@: no status effects
A: sickness immunity, AC +4, negative energy resistance 1, electricity
resistance, torment resistance 1, petrification resistance, regeneration 1,
MP-powered wands
a: no special abilities


You were on level 4 of the Dungeon.
You visited 1 branch of the dungeon, and saw 4 of its levels.

You collected 158 gold pieces.


Innate Abilities, Weirdness & Mutations

You are immune to sickness and miasma.
Your stone body is resilient. (AC +4)
You are immune to poison.
You resist negative energy. (rN+)
You are resistant to electric shocks. (rElec)
You are resistant to unholy torment.
You are immune to petrification.
Your natural rate of healing is unusually fast.
You expend magic power (3 MP) to strengthen your wands.


   Skills:
 - Level 3.2 Fighting
 + Level 5.0 Axes
 - Level 3.2 Armour
 - Level 3.2 Shields


You had 4 spell levels left.
You didn't know any spells.
Your spell library was empty.

Inventory:

Hand Weapons
 p - a +3 flail of protection
 Y - a +0 war axe (weapon)
Missiles
 e - a boomerang (quivered)
Armour
 b - a +0 scale mail (worn)
 c - a +0 buckler (worn)
 f - a +0 pair of gloves
 m - a +0 chain mail
Scrolls
 n - a scroll of teleportation {unknown}
 o - a scroll of identify
Potions
 a - a potion of magic {unknown}
 d - 2 potions of might
 g - a potion of lignification {unknown}
 h - a potion of curing {unknown}
 i - a potion of mutation
 k - a potion of attraction {unknown}
 l - a potion of resistance {unknown}

Dungeon Overview and Level Annotations

Branches:
Dungeon (3/15)

Altars:


Message History

A gnoll comes into view. It is wielding a +0 whip.
The gnoll shouts!
Waypoint 3 assigned to D:4.
1627 ||| Stepping ~*~*~tactically~*~*~ (hiding).
You hear a shout! x2
You throw a boomerang. The boomerang hits the gnoll.
The gnoll is moderately wounded.
A gnoll comes into view. It is wielding a +0 spear.
You barely miss the gnoll.
The gnoll is moderately wounded.
You block the gnoll's attack.
You slash the gnoll!
The gnoll is almost dead.
The gnoll hits you with a +0 whip.
You barely miss the gnoll.
The gnoll is almost dead.
You block the gnoll's attack. x2; The gnoll closely misses you.
You block the gnoll's attack.
You hit the gnoll.
You kill the gnoll!
The gnoll hits you from afar with a +0 spear.
The gnoll hits you with a +0 spear.
The gnoll hits you from afar with a +0 halberd!
Things that are here:
a +0 whip; a gnoll corpse You slash the gnoll!
The gnoll is severely wounded.
The gnoll hits you with a +0 spear. The gnoll barely misses you.
You slash the gnoll!
You kill the gnoll!
The gnoll hits you but does no damage.
The gnoll hits you from afar with a +0 halberd!
Your Axes skill increases to level 5!
A goblin comes into view. It is wielding a +0 club.
The gnoll hits you with a +0 halberd.
Things that are here:
a +0 spear; a throwing net; a gnoll corpse You barely miss the gnoll.
The gnoll hits you with a +0 halberd.
You die...

#... ...###
.....
#####...###
#.. .......
#.# g....#.
#.##.##g......
#....)@...#
####.###.##
#.. .. #### ##


You could see a gnoll and a goblin.

Vanquished Creatures
  A scorpion (D:2)
  2 gnolls (D:4)
  An adder (D:2)
  2 worms (D:2)
  5 ball pythons
  7 endoplasms
  5 giant cockroaches
  5 goblins
  8 hobgoblins
  6 jackals
  4 quokkas
  4 bats
  3 frilled lizards
  6 kobolds
  8 rats
67 creatures vanquished.

Notes
Turn   | Place    | Note
-------+----------+-------------------------------------------
     0 | D:1      | qw the Gargoyle Fighter began the quest for the Orb.
     0 | D:1      | Reached XP level 1. HP: 14/14 MP: 1/1
     0 | D:1      | 0 ||| qw: Version: 0.2-a-97-g6b18286
     0 | D:1      | 0 ||| qw: Game counter: 3
     0 | D:1      | 0 ||| qw: Always use a shield: true
     0 | D:1      | 0 ||| qw: God list: Okawaru
     0 | D:1      | 0 ||| qw: Allow faded altars: false
     0 | D:1      | 0 ||| qw: Do Orc after D:15 true
     0 | D:1      | 0 ||| qw: Do second Lair branch before Depths: true
     0 | D:1      | 0 ||| qw: Lair rune preference: random
     0 | D:1      | 0 ||| qw: Plans: Normal, Zot:1-4, God:TSO, Crypt, Tomb,
                  | Pan, Slime:5, Hells, Abyss, Win
     0 | D:1      | 0 ||| PLANNING D:1-11
   118 | D:1      | Reached skill level 2 in Axes
   188 | D:1      | Reached XP level 2. HP: 19/19 MP: 2/2
   241 | D:1      | 241 ||| Stepping ~*~*~tactically~*~*~ (hiding).
   242 | D:1      | 242 ||| Stepping ~*~*~tactically~*~*~ (hiding).
   243 | D:1      | 243 ||| Stepping ~*~*~tactically~*~*~ (hiding).
   244 | D:1      | 244 ||| Stepping ~*~*~tactically~*~*~ (hiding).
   245 | D:1      | 245 ||| Stepping ~*~*~tactically~*~*~ (hiding).
   252 | D:1      | 252 ||| Stepping ~*~*~tactically~*~*~ (stealth).
   290 | D:1      | 290 ||| Stepping ~*~*~tactically~*~*~ (stealth).
   546 | D:1      | 546 ||| DROPPING +0 whip.
   586 | D:1      | Reached skill level 3 in Axes
   715 | D:1      | 715 ||| READING scroll labelled GULLOFARACA.
   729 | D:2      | Reached XP level 3. HP: 23/23 MP: 3/3
   833 | D:2      | 833 ||| Stepping ~*~*~tactically~*~*~ (stealth).
   871 | D:2      | 871 ||| Stepping ~*~*~tactically~*~*~ (stealth).
   876 | D:2      | 876 ||| Stepping ~*~*~tactically~*~*~ (stealth).
   938 | D:2      | Noticed a scorpion
   946 | D:2      | Reached XP level 4. HP: 28/28 MP: 4/4
   946 | D:2      | Killed a scorpion
   947 | D:2      | Reached skill level 4 in Axes
  1027 | D:2      | 1027 ||| Stepping ~*~*~tactically~*~*~ (stealth).
  1029 | D:2      | 1029 ||| Stepping ~*~*~tactically~*~*~ (stealth).
  1097 | D:2      | 1097 ||| Stepping ~*~*~tactically~*~*~ (stealth).
  1103 | D:2      | Reached XP level 5. HP: 32/32 MP: 5/5
  1206 | D:2      | 1206 ||| Stepping ~*~*~tactically~*~*~ (stealth).
  1208 | D:2      | 1208 ||| Stepping ~*~*~tactically~*~*~ (hiding).
  1282 | D:2      | 1282 ||| READING 3 scrolls labelled VUIMOZX LU QEF.
  1283 | D:2      | 1283 ||| READING scroll labelled MUAQOZXEGU DUSI.
  1284 | D:2      | 1284 ||| DRINKING 2 sedimented brown potions.
  1284 | D:2      | Gained mutation: Your natural rate of healing is unusually
                  | fast. [potion of mutation]
  1284 | D:2      | Gained mutation: You expend magic power (3 MP) to
                  | strengthen your wands. [potion of mutation]
  1285 | D:2      | 1285 ||| DROPPING 2 scrolls of vulnerability.
  1590 | D:3      | 1590 ||| DROPPING +2 antimagic whip.
  1624 | D:3      | You fall into a shaft and drop 1 floor!
  1627 | D:4      | 1627 ||| Stepping ~*~*~tactically~*~*~ (hiding).
  1636 | D:4      | HP: 6/32 [gnoll/+0 halberd (12)]
  1637 | D:4      | Reached skill level 5 in Axes
  1637 | D:4      | HP: 2/32 [gnoll/+0 halberd (5)]
  1638 | D:4      | Slain by a gnoll

Levels and vault maps discovered:
D:1:      evilmike_arrival_rings, layout_basic
D:2:      layout_basic, minmay_unequal
D:3:      layout_basic, basic_ecumenical_altar, minmay_misc_feat_nine_boxes,
          chequers_serial_rivers_marsh, serial_bayou_lake_a
D:4:      layout_basic, minmay_temple_entry_crystal_x, minivault_24

Skill      XL: |  1  2  3  4  5 |
---------------+----------------+-----
Axes           | 2 3 4 5 |  5.0
Fighting       | |  3.2
Armour         | |  3.2
Shields        | |  3.2

Action                     |  1- 3 |  4- 6 || total
---------------------------+-------+-------++-------
  Melee: War axe           |    73 |    47 ||   120
  Throw: Boomerang         |    40 |    29 ||    69
    Use: Scroll            |     1 |     2 ||     3
         Potion            |       |     1 ||     1
 Armour: Scale mail        |    32 |    15 ||    47
  Dodge: Dodged            |    25 |    11 ||    36
  Block: Buckler           |    18 |    11 ||    29

Table legend:
 A = Non-vault XP
 B = Vault XP
 C = Vault XP percentage of total XP
 D = Non-vault monster count
 E = Vault monster count
 F = Vault count percentage of total count
                 A         B        C        D         E       F
            +---------+---------+-------+---------+---------+-------
      Total |     228 |       5 |   2.1 |      64 |       3 |   4.5
            +---------+---------+-------+---------+---------+-------
        D:1 |      31 |       0 |   0.0 |      19 |       0 |   0.0
        D:2 |     140 |       5 |   3.4 |      27 |       3 |  10.0
        D:3 |      28 |       0 |   0.0 |      16 |       0 |   0.0
        D:4 |      29 |       0 |   0.0 |       2 |       0 |   0.0
            +---------+---------+-------+---------+---------+-------
